Description

Hey guys, it's HuShang with another build order!

This one is orientated towards brand new zerg players. It's a very powerful roach timing that will allow you to work on the fundamentals of playing zerg such as consistent injects, a macro cycle to keep you on track and a focus on creating and managing your economy instead of focusing on the fights.

As always, if you enjoy the build order, don't forget to give it a thumbs up!

VOD

https://www.youtube.com/watch?v=IdLoHTiVJ4o

Replay - ZvX - Roach attack vs All Races

Build Order

Get SALT Encoding   

  13  0:12  Overlord  
  16  0:48  Hatchery  
  18  1:08  Extractor  
  17  1:13  Spawning Pool  
  19  1:39  Overlord  
  19  2:00  Queen x2  
  24  2:01  Zergling x6  
  30  2:32  Overlord  
  30  2:35  Queen  
  33  2:40  Lair  
  37  3:02  Evolution Chamber  
  37  3:04  Roach Warren  
  44  3:27  Overlord  
  44  3:33  Zerg Missile Weapons Level 1  
  52  3:50  Extractor x2  
  50  4:01  Overlord x2  
  50  4:06  Glial Reconstitution  
  50  4:20  Roach x8  
Spawning Tool Build Advisor. Get it on Overwolf

Go to:

Details

  • Created by: hushang      
  • Published on: Apr 22, 2021
  • Modified on: Apr 22, 2021
  • Patch: 4.11.0
  • Difficulty: Easy
Show
View Real Time Build Order
Export as new Build Order

Comments (9)

On July 13, 2023, 11:40 p.m., Agwic  said:

I MESSED IT UP HERES THE FIXED ONE

%zerg roach rush|HuShang|same as the original but fixed overlord|~) ,!?, P D.!( C-!- I/!G!?/" !@/" !@4"!!C4"!!C4"!!C:"@!?:"C!@="H"#A#" BA#$ HH#;!?H#A#@P#R CP#R CN$!!?N$!!?N$&#DN$4!AN$4!AN$4!AN$4!AN$4!AN$4!AN$4!AN$4!A

On July 13, 2023, 11:33 p.m., Agwic  said:

i fixed the issue with the salt encoding thing and made a new build order

%zerg roach rush|HuShang|same as the original but fixed overlord|~) ,!?, P D.!( C-!- I/!G!?/" !@/" !@4"!!C4"!!C4"!!C:"@!?:"C!@="H"#A#" BA#$ HH#;!?H$!!?H#A#@P#R CP#R CN$!!?N$!!?N$&#DN$4")N$4")N$4")N$4")N$4")N$4")N$4")N$4")

On Jan. 4, 2022, 3:30 p.m., Secretmapper  said:

adasd

On Dec. 12, 2021, 7:36 p.m., freeze  said:

@Cription no missing Overlord, you forgot that you build a Hatchery @ 16, and that Hatcheries give supply

On Nov. 4, 2021, 11:46 a.m., hardstuckbronze  said:

not sure but I am getting reck in bronze with this build

On Sept. 14, 2021, 8 p.m., Aethenosity  said:

@MeHow85... well, that is simply a lack of scouting on your part.... nothing really to do with the build
Don't play roach against void rays....

On Sept. 6, 2021, 4:20 p.m., MeHow85  said:

I played this build for the first time. Went 4 zergling at 24. Executated it quite OK. Unfortunatelly when I arrived with my roaches my opponent had already 2 void rays with 2 other popping a few seconds into my attacked. It failed really bad and he already build 3rd nexus, while I was on two hatches. After failed attack I quickly build queens and spores and managed to defend his counterattack without too much damage. But his macro was way too ahead and at my level I wasn't able to catch up and lost. I think this build isn't too great against protos, since the meta even at lower leagues is void rays. Played this at MMR at 3080.

On Sept. 3, 2021, 12:21 a.m., Cription  said:

Build is missing an overlord. Overlord at 30 only gets you to 36. Next overlord is at 44.

On June 28, 2021, 1:58 a.m., Maniek  said:

I am in platinum for a very good start and I am about to be promoted to diamond and so far I am using it with minor changes.
Mega recommend to new players.

Create an account to comment!